 Dungeon Crawl Stone Soup version 0.30-a0-719-gcc4359ea44 (webtiles) character file.

Game seed: 8455694039626022231

8895 DeathSun the Bludgeoner (level 11, -20/94 HPs)
             Began as a Minotaur Fighter on Jan 26, 2023.
             Was an Elder of Qazlal.
             Killed from afar by a Hell Sentinel (37 damage)
             ... with damnation
             ... on level 1 of the Abyss.
             The game lasted 00:20:56 (8833 turns).

DeathSun the Bludgeoner (Minotaur Fighter)          Turns: 8833, Time: 00:20:57

Health: -20/94     AC: 22    Str: 25    XL:     11   Next: 15%
Magic:  0/11       EV:  7    Int:  5    God:    Qazlal [****..]
Gold:   475        SH:  9    Dex: 10    Spells: 10/10 levels left

rFire   . . .      SeeInvis .    y - +1 morningstar (protect)
rCold   . . .      Faith    .    c - +0 buckler
rNeg    . . .      Spirit   +    z - +0 plate armour
rPois   .          Reflect  .    (helmet restricted)
rElec   .          Harm     .    (no cloak)
rCorr   .          Rampage  .    p - +0 pair of gloves
Will    .....                    B - +2 pair of boots Stlth
                                 l - amulet of guardian spirit
HPRegen 0.35/turn                m - +4 ring of protection
MPRegen 0.12/turn                (no ring)

@: mighty, repel missiles
A: horns 2, retaliatory headbutt
a: Renounce Religion, Upheaval, Elemental Force


You were on level 1 of the Abyss.
You worshipped Qazlal.
Qazlal was greatly pleased with you.
You visited 1 branch of the dungeon, and saw 10 of its levels.
You visited the Abyss 1 time.

You collected 579 gold pieces.
You spent 104 gold pieces at shops.

Inventory:

Hand Weapons
 g - a +4 whip of electrocution
 y - a +1 morningstar of protection (weapon)
 G - a +0 dire flail
Missiles
 a - 4 curare-tipped darts
 v - 12 poisoned darts (quivered)
Armour
 c - a +0 buckler (worn)
 p - a +0 pair of gloves (worn)
 z - a +0 plate armour (worn)
 B - a +2 pair of boots (worn)
Jewellery
 l - an amulet of guardian spirit (around neck)
 m - a +4 ring of protection (left hand)
Wands
 r - a wand of polymorph (18)
Scrolls
 b - a scroll of fog {unknown}
 f - a scroll of noise
 h - a scroll of immolation {unknown}
 k - 4 scrolls of magic mapping
 n - 4 scrolls of poison
 s - 3 scrolls of fear
 t - a scroll of silence
 w - a scroll of teleportation
 C - a scroll of acquirement {unknown}
 D - a scroll of vulnerability {unknown}
 E - a scroll of torment {unknown}
 F - a scroll of enchant weapon {unknown}
Potions
 d - 2 potions of might
 i - 3 potions of flight
 q - 2 potions of lignification {unknown}
 u - 3 potions of mutation
 x - 2 potions of invisibility
 A - 2 potions of degeneration {unknown}


   Skills:
 + Level 8.3 Fighting
 - Level 16.0 Maces & Flails
 - Level 6.0 Throwing
 - Level 8.0 Armour
 - Level 3.6 Shields
 * Level 2.4 Invocations
 + Level 1.3 Evocations


You had 10 spell levels left.
You didn't know any spells.
Your spell library contained the following spells:

 Spells                   Type           Power      Damage    Failure   Level
 Summon Small Mammal      Summ           0%         N/A       100%        1
 Ensorcelled Hibernation  Hex/Ice        0%         N/A       100%        2
 Lesser Beckoning         Tloc           0%         N/A       100%        2
 Passwall                 Tmut/Erth      0%         N/A       100%        2
 Call Canine Familiar     Summ           0%         N/A       100%        3
 Gell's Gravitas          Tloc           0%         N/A       100%        3
 Stone Arrow              Conj/Erth      0%         3d7       100%        3
 Summon Guardian Golem    Hex/Summ       0%         N/A       100%        3
 Swiftness                Air            0%         N/A       100%        3
 Teleport Other           Tloc           0%         N/A       100%        3
 Animate Armour           Summ/Erth      0%         N/A       100%        4
 Lehudib's Crystal Spear  Conj/Erth      0%         10d2      100%        8


Dungeon Overview and Level Annotations

Branches:
Dungeon (10/15)            Temple (0/1) D:6            Lair (0/5) D:8
    Orc: D:9-12

Altars:
Cheibriados
Elyvilon
Kikubaaqudgha
Qazlal
Uskayaw
Wu Jian
The Shining One

Shops:
D:4 :!   D:7 *

Annotations:
D:10 Sonja


Innate Abilities, Weirdness & Mutations

You have a pair of horns on your head.
You reflexively headbutt those who attack you in melee.


Message History

It was a scroll of teleportation.
The starcursed mass attacks as you move away!
The starcursed mass touches you.
* * * LOW HITPOINT WARNING * * *
You hear a roar!
You bludgeon the starcursed mass!!
Your weapon exudes an aura of protection.
You destroy the starcursed mass!
Qazlal accepts your kill.
You hear a roar!
A smoke demon comes into view.
A chorus of shrieks assaults your mind.
* * * LOW HITPOINT WARNING * * *
The smoke demon gestures at you. The sticky flame misses you.
You feel better. A chorus of shrieks assaults your mind.
* * * LOW HITPOINT WARNING * * *
A tentacled starspawn comes into view.
You feel better.
The large abomination hits you but does no damage.
The starcursed mass shrieks in your mind.
* * * LOW HITPOINT WARNING * * *
The crimson imp lashes its tail.
You are suddenly pulled into a different region of the Abyss!
Okay, then.
Okay, then.
As you read the scroll of identify, it crumbles to dust.
x - 3 potions of invisibility You fade into invisibility!
You feel your health improve.
You flicker for a moment.
You flicker back into view.
You hear a chilling moan.
You hear a roar!
A Hell Sentinel comes into view.
The Hell Sentinel roars!
The Hell Sentinel gestures at you.
The sphere of damnation explodes!
The damnation engulfs you!!!
You die...

.........#
.........# ##
.........# .
.........# .#
.........##.# #
........#.# #..
#......##
#....##.☼.....#
.......@.°§#.#.#
...........##....
.........○☼.#####.#
#.............. .
#..........#.#..
#...........## .
1....##....#. .....
#.....#.


You could see a Hell Sentinel.

Vanquished Creatures
  Erica (D:9)
  Pikel (D:4)
  Joseph (D:8)
  Maggie (D:7)
  A rime drake (D:8)
  Psyche (D:9)
  An ancient zyme (Abyss:1)
  3 polar bears (D:8)
  A shadow (D:9)
  A steam dragon (D:9)
  Grum (D:9)
  A water moccasin (D:6)
  3 orc warriors (D:9)
  Duvessa (D:7)
  4 sky beasts
  6 ice beasts
  4 centaurs
  2 ogres
  5 wolves
  4 lemures (D:4)
  3 kobold brigands
  2 necrophages
  A bullfrog (D:7)
  A scorpion (D:7)
  10 wights
  Dowan (D:7)
  13 killer bees
  2 electric eels (D:7)
  9 howler monkeys
  A quasit (Abyss:1)
  6 hounds
  2 jellies
  4 orc priests
  2 gnoll boudas
  2 starcursed masses (Abyss:1)
  Jessica (D:2)
  Ijyb (D:3)
  3 iguanas
  5 orc wizards
  10 gnolls
  8 adders
  3 shadow imps
  A white imp (D:6)
  3 ufetubi
  3 worms
  The ghost of fly the Sneak, a weakling DgDe (D:5)
  6 dart slugs
  44 orcs
  5 ball pythons
  5 endoplasms
  3 giant cockroaches
  8 goblins
  13 hobgoblins
  4 jackals (D:2)
  8 kobolds
  2 quokkas
  13 bats
  7 frilled lizards
  5 rats
264 creatures vanquished.

Vanquished Creatures (others)
  3 kobolds (D:7)
3 creatures vanquished.

Grand Total: 267 creatures vanquished

Notes
Turn   | Place    | Note
-------+----------+-------------------------------------------
     0 | D:1      | DeathSun the Minotaur Fighter began the quest for the Orb.
     0 | D:1      | Reached XP level 1. HP: 19/19 MP: 0/0
    63 | D:1      | Reached skill level 3 in Maces & Flails
    83 | D:1      | Reached XP level 2. HP: 23/26 MP: 1/1
   367 | D:1      | Reached skill level 4 in Maces & Flails
   561 | D:1      | Reached XP level 3. HP: 31/31 MP: 2/2
   939 | D:2      | Reached skill level 5 in Maces & Flails
   983 | D:2      | Noticed Jessica
   988 | D:2      | Killed Jessica
   989 | D:2      | Reached XP level 4. HP: 39/39 MP: 3/3
  1253 | D:3      | Reached skill level 6 in Maces & Flails
  1457 | D:3      | Reached XP level 5. HP: 45/45 MP: 4/4
  2053 | D:3      | Noticed Ijyb
  2060 | D:3      | Killed Ijyb
  2061 | D:3      | Reached skill level 7 in Maces & Flails
  2256 | D:4      | Found Goadghiluts's Distillery.
  2261 | D:4      | Bought a potion of heal wounds for 65 gold pieces
  2261 | D:4      | Bought a potion of curing for 39 gold pieces
  2307 | D:4      | Found a white marble altar of Elyvilon.
  2375 | D:4      | Reached XP level 6. HP: 35/51 MP: 3/5
  2709 | D:4      | Found a hide-covered altar of Uskayaw.
  2785 | D:4      | Found Wydgh's Tremendous Tomes.
  2916 | D:4      | Noticed Pikel
  2928 | D:4      | Reached skill level 8 in Maces & Flails
  2931 | D:4      | Killed Pikel
  2932 | D:4      | Reached skill level 10 in Maces & Flails
  2932 | D:4      | Reached XP level 7. HP: 52/57 MP: 6/6
  3122 | D:4      | Found a snail-covered altar of Cheibriados.
  3260 | D:5      | Entered Level 5 of the Dungeon
  3305 | D:5      | Reached skill level 11 in Maces & Flails
  3369 | D:5      | Reached XP level 8. HP: 47/64 MP: 4/7
  3904 | D:5      | Reached skill level 1 in Throwing
  4021 | D:5      | Found a runed translucent door.
  4024 | D:5      | Noticed fly's ghost (weakling DgDe)
  4132 | D:5      | Found a stormy altar of Qazlal.
  4148 | D:5      | Became a worshipper of Qazlal Stormbringer
  4586 | D:5      | Killed fly's ghost
  4670 | D:6      | Reached skill level 12 in Maces & Flails
  4836 | D:6      | Found a staircase to the Ecumenical Temple.
  5025 | D:6      | Found an ornate altar of the Wu Jian Council.
  5049 | D:6      | Reached skill level 13 in Maces & Flails
  5128 | D:6      | Reached XP level 9. HP: 59/70 MP: 6/8
  5285 | D:7      | Noticed Duvessa
  5292 | D:7      | Noticed Dowan
  5298 | D:7      | Killed Duvessa
  5302 | D:7      | Killed Dowan
  5400 | D:7      | Noticed Maggie
  5413 | D:7      | Killed Maggie
  5414 | D:7      | Reached skill level 5 in Fighting
  5431 | D:7      | Reached * piety under Qazlal
  5786 | D:7      | Found Hysaril's Assorted Antiques.
  5996 | D:7      | Reached skill level 14 in Maces & Flails
  6427 | D:8      | Noticed Joseph
  6432 | D:8      | Reached skill level 5 in Throwing
  6567 | D:8      | Noticed a polar bear
  6590 | D:8      | Reached skill level 5 in Armour
  6626 | D:8      | Killed Joseph
  6627 | D:8      | Reached XP level 10. HP: 83/86 MP: 9/9
  6786 | D:8      | Reached ** piety under Qazlal
  7020 | D:8      | Found a staircase to the Lair.
  7154 | D:8      | Found a glowing golden altar of the Shining One.
  7375 | D:9      | Noticed Grum
  7392 | D:9      | Killed Grum
  7559 | D:9      | Reached skill level 15 in Maces & Flails
  7591 | D:9      | Noticed Erica
  7612 | D:9      | Killed Erica
  8101 | D:9      | Noticed Psyche
  8110 | D:9      | Killed Psyche
  8110 | D:9      | Reached *** piety under Qazlal
  8111 | D:9      | Reached skill level 16 in Maces & Flails
  8111 | D:9      | Reached XP level 11. HP: 93/94 MP: 8/10
  8235 | D:9      | Reached skill level 1 in Invocations
  8397 | D:9      | Found an ancient bone altar of Kikubaaqudgha.
  8516 | D:10     | Entered Level 10 of the Dungeon
  8644 | D:10     | Reached skill level 1 in Evocations
  8649 | D:10     | Noticed Sonja
  8662 | Abyss:1  | Cast into level 1 of the Abyss (Sonja)
  8679 | Abyss:1  | Noticed a large abomination
  8687 | Abyss:1  | Found a corrupted altar of Lugonu.
  8733 | Abyss:1  | Noticed a starcursed mass
  8773 | Abyss:1  | Reached **** piety under Qazlal
  8794 | Abyss:1  | HP: 3/94 [starcursed mass/accursed screaming (8)]
  8795 | Abyss:1  | Noticed a tentacled starspawn
  8833 | Abyss:1  | Noticed a Hell Sentinel
  8833 | Abyss:1  | Killed from afar by a Hell Sentinel

Illustrated notes

Levels and vault maps discovered:
D:1:      lemuel_arrival_river_ford, layout_basic
D:2:      layout_basic, minmay_misc_feat_room, uniq_jessica
D:3:      layout_loops_corners, uniq_ijyb
D:4:      nicolae_BIG_FREAKIN_CUBE, layout_loops_ring,
          eat_drink_and_be_merry_uskayaw, mainiacjoe_overflow_swirl,
          serial_shops, shop, nicolae_shop_i_like_big_books, uniq_pikel
D:5:      layout_basic, mainiacjoe_overflow_tiny_flanked,
          ebering_ghost_reflecting_pool, skrybe_limestone_x
D:6:      layout_basic, kennysheep_little_box, minmay_temple_entry_glass,
          chequers_garden
D:7:      layout_cave_pools, serial_shops, shop, serial_column_ruins,
          column_ruins_hut_ruined, column_ruins_courtyard_long,
          column_ruins_open_medium, column_ruins_corridor_straight,
          column_ruins_corridor_straight, column_ruins_columns_straight,
          column_ruins_corridor_straight, serial_bayou_ford_a, uniq_maggie,
          uniq_duvessa
D:8:      layout_rooms, kennysheep_mini, hellmonk_lair_entry_icy,
          enter_bailey_4, nicolae_figureground_sparkle, uniq_joseph
D:9:      layout_roguey [special_room_orc], mainiacjoe_overflow_alcove_1,
          minmay_between, uniq_psyche, uniq_erica, uniq_grum
D:10:     layout_rooms, serial_shops, shop, kennysheep_generic_room_8,
          uniq_sonja, uniq_erolcha
Abyss:1:  base:
D:9

Skill      XL: |  1  2  3  4  5  6  7  8  9 10 11 |
---------------+----------------------------------+-----
Maces & Flails | 3 4 5 6 7 10 11 13 14 16 | 16.0
Throwing       | 3 5 6 |  6.0
Fighting       | 7 8 |  8.3
Armour         | 5 8 |  8.0
Invocations    | 2 |  2.4
Evocations     | 1 |  1.3
Shields        | |  3.6

Action                     |  1- 3 |  4- 6 |  7- 9 | 10-12 || total
---------------------------+-------+-------+-------+-------++-------
  Melee: Flail             |    32 |       |       |       ||    32
         Headbutt          |     6 |    25 |    38 |    41 ||   110
         Whip              |    50 |   127 |   106 |       ||   283
         Unarmed           |       |     3 |       |       ||     3
         Morningstar       |       |       |   157 |   292 ||   449
  Throw: Throwing net      |       |       |     1 |       ||     1
         Dart              |       |       |    14 |    10 ||    24
    Use: Scroll            |       |       |     5 |     4 ||     9
         Potion            |       |       |     1 |     9 ||    10
 Armour: Scale mail        |    43 |    34 |    73 |       ||   150
         Skin              |       |     1 |       |       ||     1
         Plate armour      |       |       |    49 |   206 ||   255
  Dodge: Dodged            |    42 |    41 |    58 |    81 ||   222
  Block: Buckler           |    16 |    18 |    59 |   111 ||   204

Table legend: (Time is in decaauts)
 A = Elapsed time spent in this place.
 B = Non-inter-level travel time spent in this place.
 C = Inter-level travel time spent in this place.
 D = Time resting spent in this place.
 E = Time spent auto-exploring this place.
 F = Levels seen in this place.
 G = Mean time per level.
                   A        B        C        D        E       F      G
               +--------+--------+--------+--------+--------+-----+--------+
         Total |   8694 |   8352 |    342 |      0 |   6470 |  11 |  790.4 |
       Dungeon |   8519 |   8177 |    342 |      0 |   6470 |  10 |  851.9 |
         Abyss |    175 |    175 |      0 |      0 |      0 |   1 |  175.0 |
               +--------+--------+--------+--------+--------+-----+--------+

Top non-repeatable levels by time:
     D:7: 1234 daAuts
     D:4: 1216 daAuts
     D:9: 1195 daAuts
     D:5: 1191 daAuts
     D:3: 983 daAuts
     D:8: 797 daAuts
     D:1: 643 daAuts
     D:2: 594 daAuts
     D:6: 590 daAuts
 Abyss:1: 175 daAuts
    D:10: 73 daAuts
